 Dungeon Crawl Stone Soup version 0.19.5 (webtiles) character file.

484 Goboxel the Chopper (level 6, 0/49 HPs)
             Began as a Demonspawn Abyssal Knight on Apr 5, 2017.
             Was a Believer of Lugonu.
             Killed by a spatial distortion (3 damage)
             ... on level 5 of the Dungeon.
             The game lasted 00:08:23 (4163 turns).

Goboxel the Chopper (Demonspawn Abyssal Knight)     Turns: 4163, Time: 00:08:23

Health: 0/49       AC:  7    Str: 12    XL:     6   Next: 88%
Magic:  4/7        EV: 13    Int: 14    God:    Lugonu [**....]
Gold:   203        SH:  0    Dex: 14    Spells: 0 memorised, 5 levels left

rFire  . . .     SeeInvis .     a - +1 hand axe
rCold  . . .     Gourm    .     b - +0 leather armour
rNeg   . . .     Faith    .     (no shield)
rPois  .         Spirit   .     k - +0 hat
rElec  .         Reflect  .     i - +1 cloak
rCorr  +         Harm     .     (no gloves)
MR     .....                    (no boots)
Stlth  +.........               (no amulet)
                                s - +1 ring of evasion
                                f - ring of resist corrosion

@: lethally poisoned (0 -> -2)
A: horns 1, thin metallic scales 1, foul stench 1, rot immunity
a: Depart the Abyss, Bend Space, Renounce Religion


You were on level 5 of the Dungeon.
You worshipped Lugonu.
Lugonu was pleased with you.
You were very hungry.

You visited 1 branch of the dungeon, and saw 5 of its levels.
You visited the Abyss 1 time.

You collected 203 gold pieces.

Inventory:

Hand Weapons
 a - a +1 hand axe (weapon)
Missiles
 w - 70 stones (quivered)
Armour
 b - a +0 leather armour (worn)
 i - a +1 cloak (worn)
 k - a +0 hat (worn)
Jewellery
 f - a ring of resist corrosion (left hand)
 s - a +1 ring of evasion (right hand)
Scrolls
 d - a scroll of teleportation {unknown}
 e - a scroll of fear {unknown}
 g - 2 scrolls of enchant weapon {unknown}
 n - a scroll of amnesia {unknown}
 p - 8 scrolls of identify {unknown}
 q - a scroll of random uselessness {unknown}
 u - 5 scrolls of remove curse {unknown}
 y - a scroll of enchant armour {unknown}
 B - a scroll of recharging {unknown}
Potions
 j - a potion of agility {unknown}
 l - a potion of invisibility {unknown}
 m - 4 potions of berserk rage {unknown}
 o - a potion of ambrosia {unknown}
 r - a potion of curing {unknown}
 t - a potion of cancellation {unknown}
 x - a potion of resistance {unknown}
Comestibles
 c - a bread ration
 h - 5 meat rations
 v - 4 fruits
 z - a slice of pizza


   Skills:
 + Level 4.7 Fighting
 + Level 5.1 Axes
   Level 0.1 Staves
 - Level 2.2 Armour
 + Level 2.3 Dodging
 + Level 2.5 Invocations


You had 5 spell levels left.
You didn't know any spells.

Dungeon Overview and Level Annotations

Branches:
Dungeon (5/15)
 Temple: D:4-7

Altars:
Ashenzari

Shops:
D:5 =

Annotations:
D:3 Grinder


Innate Abilities, Weirdness & Mutations

You have a pair of small horns on your head.
You are partially covered in thin metallic scales. (AC +2)
You may emit foul miasma when damaged in melee.
You are immune to rotting.


Message History

A gnoll comes into view.
Space bends around you!
You blink.
* * * LOW HITPOINT WARNING * * *
The ogre barely misses you. The gnoll misses you. The worker ant bites you.
* * * LOW HITPOINT WARNING * * *
You are poisoned.
The worker ant poisons you!
The worker ant looks sick.
You feel sick.
You fail to use your ability.
The gnoll barely misses you.
The worker ant bites you but does no damage.
The ogre hits you with a giant spiked club.
* * * LOW HITPOINT WARNING * * *
The ogre looks sick.
Space bends around you!
You blink.
* * * LOW HITPOINT WARNING * * *
x2 You feel sick.
Unknown command.
Space bends around you!
You blink.
You die...

.# #....#...# .#
#.O.##...## .#
#..g#..§..# .#####
#a..#..a..# .....#
#...#..)g.# .#.#.#
#...#O.⌠..# ..# .#.#.#
#...#.....#g..# .#.#.#
#...#..g..#...# ##.#.#
#...#...@.#.O.# #.#.##
#.a.##...##...#
##.#..###....#.g.#(...#
#.#....###...#...#...#
.###.....#...##......#
#.#....###....#......#
##.##.## #....####..⌠#
...##.# #.......#####
#####.# ##...).....#


You could see an ogre, a worker ant and 3 gnolls.

Vanquished Creatures
  A phantom (D:5)
  A scorpion (D:4)
  2 hounds (D:4)
  2 jellies
  2 worker ants
  Robin (D:2)
  7 adders
  A gnoll (D:5)
  A shadow imp (D:5)
  2 adder skeletons
  2 worms
  2 dart slugs (D:1)
  2 leopard geckos
  5 orcs (D:3)
  17 goblins
  5 hobgoblins
  2 jackals (D:2)
  12 kobolds
  2 ball pythons (D:1)
  3 bats
  4 frilled lizards
  A leopard gecko skeleton (D:4)
  7 rats
84 creatures vanquished.

Notes
Turn   | Place    | Note
-------+----------+-------------------------------------------
     0 | Abyss:1  | Goboxel the Demonspawn Abyssal Knight began the quest for the Orb.
     0 | Abyss:1  | Reached XP level 1. HP: 18/18 MP: 2/2
    62 | Abyss:1  | Found a corrupted altar of Lugonu.
    68 | Abyss:1  | Found a corrupted altar of Lugonu.
   112 | Abyss:1  | Noticed a thrashing horror
   112 | D:1      | Escaped the Abyss
   244 | D:1      | Gained mutation: You have a pair of small horns on your head. [demonic ancestry]
   244 | D:1      | Reached XP level 2. HP: 7/24 MP: 3/3
   475 | D:1      | Reached skill level 2 in Axes
   493 | D:1      | Reached * piety under Lugonu
   717 | D:1      | Found a shattered altar of Ashenzari.
  1148 | D:2      | Noticed Robin
  1156 | D:1      | Gained mutation: You are immune to rotting. [demonic ancestry]
  1156 | D:1      | Reached XP level 3. HP: 29/29 MP: 4/4
  1158 | D:1      | Reached skill level 1 in Dodging
  1836 | D:2      | Killed Robin
  1836 | D:2      | Gained mutation: You are partially covered in thin metallic scales. (AC +2) [demonic ancestry]
  1836 | D:2      | Reached XP level 4. HP: 33/37 MP: 5/5
  1950 | D:2      | Reached skill level 3 in Axes
  1997 | D:2      | Reached ** piety under Lugonu
  2343 | D:3      | Gained mutation: You may emit foul miasma when damaged in melee. [demonic ancestry]
  2343 | D:3      | Reached XP level 5. HP: 27/42 MP: 6/6
  2509 | D:3      | Noticed Grinder
  2930 | D:4      | Reached skill level 4 in Axes
  3310 | D:3      | Reached XP level 6. HP: 44/48 MP: 7/7
  3334 | D:3      | Paralysed by Grinder for 6 turns
  3579 | D:5      | Entered Level 5 of the Dungeon
  3616 | D:5      | Found Gijudaff's Jewellery Shop.
  3744 | D:5      | Got a jewelled quarterstaff
  3745 | D:5      | Identified the +6 quarterstaff "Goblinslayer" {elec, *Rage *Corrode +Inv rPois} (You found it on level 5 of the Dungeon)
  3832 | D:5      | Reached skill level 5 in Axes
  4160 | D:5      | HP: 2/49 [poisoned by a worker ant]
  4163 | D:5      | Killed by a spatial distortion

Skill      XL: |  1  2  3  4  5  6 |
---------------+-------------------+-----
Axes           | 2 3 4 5 |  5.1
Armour         | 2 |  2.2
Dodging        | 1 2 |  2.3
Fighting       | 4 |  4.7
Staves         | |  0.1
Invocations    | |  2.5

Action                   |  1- 3 |  4- 6 || total
-------------------------+-------+-------++-------
Melee: Hand axe          |   117 |   177 ||   294
       Headbutt          |     7 |    28 ||    35
       Quarterstaff      |       |     3 ||     3
Invok: Depart the Abyss  |     1 |       ||     1
       Bend Space        |       |     6 ||     6
 Stab: Sleeping          |       |     2 ||     2
  Eat: Chunk             |     3 |     5 ||     8
       Beef jerky        |       |     1 ||     1
Armor: Leather armour    |    48 |    63 ||   111
Dodge: Dodged            |    71 |   138 ||   209
